 Dungeon Crawl Stone Soup version 0.27.1-3-gb3d3a73c9e (webtiles) character file.

Game seed: 7644641647824523887

44 Atelerd the Digger (level 3, 0/21 HPs)
             Began as an Octopode Earth Elementalist on Oct 31, 2021.
             Slain by an orc (5 damage)
             ... on level 3 of the Dungeon.
             The game lasted 00:02:18 (2284 turns).

Atelerd the Digger (Octopode Earth Elementalist)    Turns: 2284, Time: 00:02:19

Health: 0/21       AC:  1    Str:  7    XL:     3   Next: 60%
Magic:  5/6        EV: 13    Int: 18    God:
Gold:   71         SH:  0    Dex: 12    Spells: 6/7 levels left

rFire    . . .     SeeInvis .   e - +0 dagger
rCold    . . .     Faith    .   (no shield)
rNeg     . . .     Spirit   .   (helmet restricted)
rPois    .         Reflect  .   (no amulet)
rElec    .         Harm     .   (no ring)
rCorr    .         Rampage  .   (no ring)
Will     .....                  (no ring)
Stlth    ++........             (no ring)
HPRegen  0.07/turn              (no ring)
MPRegen  0.10/turn              (no ring)
                                (no ring)
                                (no ring)

@: confused, brilliant, flying
A: almost no armour, amphibious, 8 rings, camouflage 1, gelatinous body 1,
(nimble swimmer 1), tentacles
a: no special abilities


You were on level 3 of the Dungeon.
You visited 1 branch of the dungeon, and saw 3 of its levels.

You collected 95 gold pieces.
You spent 24 gold pieces at shops.

Inventory:

Hand Weapons
 e - a +0 dagger (weapon)
Missiles
 b - 60 stones
Scrolls
 a - a scroll of fog {unknown}
 c - a scroll of blinking {unknown}
 f - 2 scrolls of identify {unknown}
 h - a scroll of enchant weapon {unknown}
 k - a scroll of brand weapon {unknown}
 l - a scroll of teleportation {unknown}
Potions
 g - a potion of heal wounds {unknown}
 j - a potion of berserk rage {unknown}


   Skills:
 - Level 2.0 Dodging
 - Level 2.6 Stealth
 + Level 2.6 Spellcasting
 + Level 2.0 Transmutations
 + Level 3.5 Earth Magic


You had 6 spell levels left.
You knew the following spells:

 Your Spells              Type           Power      Damage    Failure   Level
a - Sandblast             Erth           44%        2d11      4%          1

Your spell library contained the following spells:

 Spells                   Type           Power      Damage    Failure   Level
 Passwall                 Tmut/Erth      15%        N/A       9%          2
 Stone Arrow              Conj/Erth      26%        3d8       24%         3
 Petrify                  Tmut/Erth      18%        N/A       47%         4


Dungeon Overview and Level Annotations

Branches:
Dungeon (3/15)

Altars:

Shops:
D:1 *


Innate Abilities, Weirdness & Mutations

You cannot wear most types of armour.
You are amphibious.
You can wear up to eight rings at the same time.
Your skin changes colour to match your surroundings (Stealth+).
Your rubbery body absorbs attacks. (AC +1, EV +1)
((You are camouflaged near water. (Stealth+)))
You have tentacles for arms and can constrict up to eight enemies at once.


Message History

Found a puce potion.
The goblin shouts!
You hear a shout!
An orc wizard comes into view. It is wielding a +0 dagger.
There are monsters nearby!
Found 21 stones.
The orc misses you.
An orc comes into view. It is wielding a +0 whip.
The blast of sand misses the orc.
The blast of sand hits the centaur skeleton!
The centaur skeleton is moderately damaged.
The orc closely misses you.
You hit the orc but do no damage. Your grab misses the orc.
Your squeeze misses the orc. The orc hits you with a +0 club.
The orc throws a boomerang.
The boomerang barely misses you. The centaur skeleton hits you.
The centaur skeleton kicks you.
The blast of sand hits the centaur skeleton!
The centaur skeleton is heavily damaged.
The centaur skeleton hits you.
The centaur skeleton kicks you but does no damage.
The orc barely misses you.
The orc throws a boomerang.
The boomerang misses you.
You hit the centaur skeleton.
The centaur skeleton is severely damaged.
The centaur skeleton hits you. The centaur skeleton kicks you.
The orc misses you.
There are monsters nearby!
The orc throws a boomerang.
The boomerang hits you.
* * * LOW HITPOINT WARNING * * *
The orc wizard casts a spell.
The orc wizard flickers and vanishes!
Deactivating autopickup; reactivate with Ctrl-A.
You are confused.
You are too confused!
Unknown command.
It was a potion of brilliance.
You feel clever all of a sudden.
It was a potion of flight.
You feel very buoyant.
You fly up into the air.
The orc hits you with a +1 flail of holy wrath.
You die...

.....#.≈o♣♣♣.♣.≈..
..!.#.≈...Z...≈..
#....≈≈≈≈≈≈≈≈≈.#
..(.#...........#
.#..##.##.......#
#..##..........#
#..##....g.....# . #
#........o.....#
##..##.##.##..##@.....#
. ............##......#
#.##.##.###'##......#
#............#......#
##...##.##...########
#...##.##...#
.####..##.##...#
.......##.##...#
..........##...#


You could see an orc, a goblin and a centaur skeleton.

Vanquished Creatures
  A dart slug (D:1)
  4 endoplasms (D:1)
  A giant cockroach (D:1)
  6 goblins
  3 hobgoblins (D:1)
  4 jackals (D:3)
  5 ball pythons
  5 bats
  2 frilled lizards
  4 kobolds (D:1)
  4 rats
39 creatures vanquished.

Notes
Turn   | Place    | Note
-------+----------+-------------------------------------------
     0 | D:1      | Atelerd the Octopode Earth Elementalist began the quest for
                  | the Orb.
     0 | D:1      | Reached XP level 1. HP: 11/11 MP: 3/3
   125 | D:1      | Found a faded altar of an unknown god.
   189 | D:1      | Reached XP level 2. HP: 8/17 MP: 1/5
   619 | D:1      | Found Suinnigh's Assorted Antiques.
   907 | D:1      | Bought a scroll labelled FEUXKU XIANAGH for 24 gold pieces
  1198 | D:1      | Reached XP level 3. HP: 21/21 MP: 6/6
  2284 | D:3      | Slain by an orc

Illustrated notes

Levels and vault maps discovered:
D:1:      psy_arrival_statuary, layout_loops_ring, serial_shops, shop_statue,
          ebering_ecumenical_altar_box, minmay_misc_feat_four_crosses
D:2:      layout_basic
D:3:      layout_basic, mainiacjoe_overflow_brackets,
          chequers_serial_rivers_room_a

Skill      XL: |  1  2  3 |
---------------+----------+-----
Transmutations | 2 |  2.0
Dodging        | |  2.0
Stealth        | |  2.6
Spellcasting   | |  2.6
Earth Magic    | |  3.5

Action                   || total
-------------------------++-------
Melee: Unarmed           ||     6
       Constrict         ||    10
       Tentacles         ||     5
       Dagger            ||    45
 Cast: Sandblast         ||    26
  Use: Potion            ||     2
 Stab: Sleeping          ||    11
Armor: Skin              ||     5
Dodge: Dodged            ||    50
